AoeStats
← Michi3052

Enclosed

505498945Analyzed
1v1 RM · 24d ago on Sep 9, 2026· 43m 38s· 2 players
Game mode
Random Map
Map size
Tiny (2 player)
Population
200
Speed
Normal
Resources
Standard
Victory
Conquest
Starting age
Dark Age
Ending age
Imperial Age
RankedLock teamsTeams togetherTeam positionsShared explorationLock speedFull tech treeHidden civsTurbo modeCheats
Victory
Defeat
🇪🇸 Lithuanians · Spain
647
+15
🇫🇷 Inca · France
621
-15
Avelio
5:47 Loom
12:34 Feudal Age
17:15 Castle Age
16:18 Double-Bit Axe
16:16 Horse Collar
17:20 Pikeman
18:04 Scale Mail Armor
22:01 Bow Saw
24:22 Chain Mail Armor
24:18 Forging
28:43 Champi Runner
31:01 Town Watch
33:13 Padded Archer Armor
39:47 Imperial Age
39:53 Heated Shot
Michi3052
13:26 Feudal Age
14:10 Double-Bit Axe
14:20 Horse Collar
22:17 Castle Age
22:30 Man-at-Arms
24:15 Squires
24:46 Scale Mail Armor
25:49 Loom
26:00 Town Watch
26:48 Long Swordsman
30:38 Wheelbarrow
30:24 Forging
31:33 Wheelbarrow
30:57 Gold Mining
36:16 Arson
40:30 Imperial Age
41:24 Chain Mail Armor
41:44 Iron Casting
41:41 Conscription
41:04 Two-Handed Swordsman
41:50 Capped Ram
Connection lost

Rejoining the realm…

Still unreachable

The connection could not be restored.

Session expired

The server has moved on; the page needs a fresh start.